 Dungeon Crawl Stone Soup version 0.25-b1-39-g0d900da (webtiles) character file.

Game seed: 13944686013704207421

135172 Balder the Peltast (level 17, -11/106 HPs)
             Began as a Gargoyle Fighter on June 7, 2020.
             Was the Champion of Okawaru.
             Mangled by a shambling mangrove (15 damage)
             ... on level 4 of the Swamp on June 8, 2020.
             The game lasted 03:18:30 (32187 turns).

Balder the Peltast (Gargoyle Fighter)              Turns: 32187, Time: 03:18:31

Health: -11/106    AC: 50    Str: 24    XL:     17   Next: 18%
Magic:  23/24      EV: 14    Int: 16    God:    Okawaru [******]
Gold:   3117       SH: 25    Dex: 24    Spells: 16/16 levels left

rFire    + . .     SeeInvis +   a - +5 demon whip of Guilt {pain, Dex+3}
rCold    + . .     Gourm    .   G - +2 shield of Resistance {rF+ rC+ MR+}
rNeg     + . .     Faith    .   N - +8 plate armour "Tuxosueg" {*Slow rPois Regen+}
rPois    ∞         Spirit   .   V - +3 crown of Dyrovepreva {rElec Int+2 SInv}
rElec    +         Reflect  +   O - +0 cloak of the Shoals {Harm Int+4 Stlth+}
rCorr    .         Harm     +   (no gloves)
MR       +++..                  K - +2 pair of boots {Stlth+}
Stlth    +++.......             U - amulet of reflection
HPRegen  0.67/turn              L - ring of protection from magic
MPRegen  0.19/turn              M - +6 ring of dexterity

@: mighty, heroism, grasped by roots, flying, constricted, studying Armour
A: big wings, slimy green scales 1, agile 1, negative energy resistance 1,
electricity resistance, strong 1, unbreathing, petrification resistance, rot
immunity, subdued magic 1, AC +12
a: Stop Flying, Heroism, Finesse, Renounce Religion


You were on level 4 of the Swamp.
You worshipped Okawaru.
Okawaru was exalted by your worship.
You were not hungry.

You visited 5 branches of the dungeon, and saw 27 of its levels.
You visited 1 bazaar.
You also visited: Ice Cave.

You collected 5297 gold pieces.
You spent 2180 gold pieces at shops.

Inventory:

Hand Weapons
 a - the +5 demon whip of Guilt (weapon) {pain, Dex+3}
   (Okawaru gifted it to you on level 13 of the Dungeon)

   In the hands of one skilled in necromantic magic, it inflicts extra damage on
   living creatures.
   It affects your dexterity (+3).
 b - a +4 demon whip of venom
 i - a +2 whip of electrocution
 o - a +0 hand crossbow of chaos
Missiles
 c - 152 bolts
 x - 49 poisoned darts
 A - 31 boomerangs (quivered)
Armour
 g - a scarf of repulsion
 m - a +5 chain mail of magic resistance
 C - the +18 shield of the Gong {rElec rN+ MR+ EV-5}
   (Okawaru gifted it to you on level 14 of the Dungeon)

   It affects your evasion (-5).
   It insulates you from electricity.
   It protects you from negative energy.
   It affects your resistance to hostile enchantments.
 G - the +2 shield of Resistance (worn) {rF+ rC+ MR+}
   (You found it on level 6 of the Dungeon)

   It protects you from fire.
   It protects you from cold.
   It affects your resistance to hostile enchantments.
 K - a +2 pair of boots of stealth (worn)
 N - the +8 plate armour "Tuxosueg" (worn) {*Slow rPois Regen+}
   (You bought it in a shop in a bazaar)

   It protects you from poison.
   It increases your rate of regeneration.
   It may slow you when you take damage.
 O - the +0 cloak of the Shoals (worn) {Harm Int+4 Stlth+}
   (Okawaru gifted it to you on level 2 of the Swamp)

   It affects your intelligence (+4).
   It increases damage dealt and taken.
   It makes you more stealthy.
 S - a +6 plate armour
 T - a +2 chain mail of cold resistance
 V - the +3 crown of Dyrovepreva (worn) {rElec Int+2 SInv}
   (You bought it in a shop on level 2 of the Orcish Mines)

   It affects your intelligence (+2).
   It insulates you from electricity.
   It lets you see invisible.
 W - +0 fire dragon scales
Jewellery
 k - a +6 ring of strength
 B - an uncursed amulet of the acrobat
 H - an uncursed ring of protection from cold
 L - a ring of protection from magic (left hand)
 M - a +6 ring of dexterity (right hand)
 Q - the amulet of Awe {*Corrode rElec rF+++ Regen+ Slay+3}
   (You took it off a wizard on level 14 of the Dungeon)

   [amulet of regeneration]

   It affects your accuracy and damage with ranged weapons and melee attacks
   (+3).
   It renders you almost immune to fire.
   It insulates you from electricity.
   It increases your rate of regeneration.
   It may corrode you when you take damage.
 U - an amulet of reflection (around neck)
Wands
 d - a wand of clouds (5)
 h - a wand of acid (7)
 l - a wand of polymorph (19)
 p - a wand of disintegration (32)
 y - a wand of digging (5)
 z - a wand of iceblast (3)
 P - a wand of flame (63)
Scrolls
 e - 5 scrolls of teleportation
 j - 12 scrolls of identify
 s - a scroll of blinking
 t - 2 scrolls of magic mapping
 w - 6 scrolls of remove curse
 E - 2 scrolls of summoning
 F - 2 scrolls of fear
 R - 2 scrolls of immolation {unknown}
Potions
 q - a potion of cancellation
 u - 2 potions of haste
 D - a potion of curing
 I - 4 potions of stabbing
 J - 3 potions of might
 X - a potion of berserk rage
 Y - 3 potions of resistance
Books
 n - a manual of Armour
Miscellaneous
 v - a phantom mirror
Comestibles
 f - 43 rations


   Skills:
 * Level 12.1(17.1) Fighting
 * Level 13.8(18.8) Maces & Flails
 + Level 8.2(13.2) Crossbows
 - Level 3.4(8.4) Throwing
 * Level 13.9(18.9) Armour
 * Level 7.3(12.3) Dodging
 * Level 10.6(15.6) Stealth
 * Level 16.0(21.0) Shields
 * Level 10.1 Invocations
 * Level 2.3 Evocations


You had 16 spell levels left.
You didn't know any spells.
Your spell library contained the following spells:

 Spells                   Type           Power        Failure   Level  Hunger
 Animate Skeleton         Necr           N/A          80%         1    ##.....
 Beastly Appendage        Tmut           #.....       80%         1    ##.....
 Foxfire                  Conj/Fire      #...         80%         1    ##.....
 Magic Dart               Conj           #...         80%         1    ##.....
 Pain                     Necr           #...         80%         1    ##.....
 Sting                    Tmut/Pois      #...         80%         1    ##.....
 Summon Small Mammal      Summ           #...         80%         1    ##.....
 Call Imp                 Summ           #.......     90%         2    ###....
 Poisonous Vapours        Pois/Air       #.....       90%         2    ###....
 Searing Ray              Conj           #.....       90%         2    ###....
 Sticks to Snakes         Tmut           #.......     90%         2    ###....
 Call Canine Familiar     Summ           #.......     99%         3    ####...
 Conjure Flame            Conj/Fire      #.......     99%         3    ####...
 Dazzling Flash           Conj/Hex       #.....       99%         3    ####...
 Ignite Poison            Fire/Tmut/Pois #.......     99%         3    ####...
 Inner Flame              Hex/Fire       #.......     99%         3    ####...
 Mephitic Cloud           Conj/Pois/Air  #.......     99%         3    ####...
 Spider Form              Tmut/Pois      #.........   99%         3    ####...
 Summon Guardian Golem    Hex/Summ       #.......     99%         3    ####...
 Vampiric Draining        Necr           #.........   99%         3    ####...
 Animate Dead             Necr           N/A          100%        4    #####..
 Fulminant Prism          Conj/Hex       #.........   100%        4    #####..
 Ice Form                 Ice/Tmut       #.......     100%        4    #####..
 Iskenderun's Mystic Bla  Conj/Tloc      #.......     100%        4    #####..
 Olgreb's Toxic Radiance  Pois           #.......     100%        4    #####..
 Sticky Flame             Conj/Fire      #.......     100%        4    #####..
 Summon Ice Beast         Ice/Summ       #.......     100%        4    #####..
 Summon Lightning Spire   Summ/Air       #.......     100%        4    #####..
 Agony                    Necr           #.......     100%        5    ######.
 Blade Hands              Tmut           #.........   100%        5    ######.
 Fireball                 Conj/Fire      #.........   100%        5    ######.
 Freezing Cloud           Conj/Ice/Air   #.........   100%        6    #######
 Ring of Flames           Chrm/Fire      #.........   100%        7    #######


Dungeon Overview and Level Annotations

Branches:
Dungeon (14/15)            Temple (1/1) D:4            Lair (6/6) D:9
  Swamp (4/4) Lair:2       Spider (0/4) Lair:2        Slime (0/5) Lair:5
    Orc (2/2) D:10            Elf (0/3) Orc:2        Vaults (0/5) D:14
  IceCv (visited)

Altars:
Dithmenos
Elyvilon
Gozag
Hepliaklqana
Kikubaaqudgha
Makhleb
Nemelex Xobeh
Okawaru
Qazlal
Ru
Sif Muna
Uskayaw
Vehumet
Wu Jian
Xom
Zin
The Shining One
Beogh
Jiyva

Shops:
D:4 *   D:13 (   D:14 *   Orc:2 ?:[[

Portals:
Hell: Lair:6


Innate Abilities, Weirdness & Mutations

You are resistant to torment.
Your stone body is resilient. (AC +12)
You are immune to poison.
Your large and strong wings let you fly indefinitely.
You resist negative energy. (rN+)
You are resistant to electric shocks. (rElec)
You can survive without breathing.
You are immune to petrification.
You are immune to rotting.
You are partially covered in slimy green scales. (AC +2)
You are agile. (Dex +2)
Your muscles are strong. (Str +2)
Your spells are a little easier to cast, but a little less powerful.


Message History

The shambling mangrove hits you!!
* * * LOW HITPOINT WARNING * * *
You whack the shambling mangrove!
The shambling mangrove is moderately damaged.
You thrash the shambling mangrove!!
The shambling mangrove is severely damaged.
You whack the shambling mangrove!
The shambling mangrove is almost destroyed.
Angry insects surge out from beneath the shambling mangrove's foliage!
Roots burst forth from the earth!
The grasping roots grab you!
* * * LOW HITPOINT WARNING * * *
The grasping roots constrict you!
You hit the shambling mangrove but do no damage.
The shambling mangrove is almost destroyed.
You hit the shambling mangrove.
The shambling mangrove is almost destroyed.
The shambling mangrove hits you.
* * * LOW HITPOINT WARNING * * *
You die...

♣≈...≈♣♣ ♣♣≈≈...≈≈≈≈≈≈♣
♣♣..≈≈.≈♣♣♣..≈≈≈≈≈≈<..≈♣
♣≈≈≈≈≈§.≈..≈≈≈≈≈≈≈......
♣.≈..≈≈≈...≈§§§≈≈≈≈.....
♣♣≈....♣♣♣.≈≈≈≈≈≈....♣
♣≈≈.†.♣♣♣.≈≈≈≈≈≈..≈≈♣♣
♣..§.†.†♣♣≈≈≈≈≈≈≈..≈≈♣
♣♣♣≈)(†[♣♣.≈..†≈≈≈≈≈♣♣
#.y@#♣♣♣≈.≈≈....≈≈≈♣
#♣.f# #≈......≈≈≈§.
#≈.Zy #.....≈≈≈≈≈≈≈
♣Z.♣..# ##(≈..≈≈≈≈≈≈≈
#≈/♣.≈≈= #♣...≈≈≈≈≈≈≈
♣.≈ .♣..≈ ##.≈.≈§≈≈≈≈
..[ ≈ .≈≈. ##≈....≈..
..♣ .# ♣♣.. ##♣♣≈≈≈..
♣♣..≈≈


You could see a shambling mangrove, 2 hornets and 2 death drake zombies.

Vanquished Creatures
  A storm dragon (D:13)
  2 thorn hunters
  Aizul (Swamp:3)
  An orc warlord (Orc:1)
  A war gargoyle (D:13)
  Nessos (Lair:4)
  2 vampire knights (Swamp:4)
  2 hydra skeletons (Swamp:4)
  The ghost of HunfridMar the Eclecticist, a journeyman DECj of Vehumet (Lair:4)
  An ettin (Orc:1)
  2 ogre magi (D:14)
  A fire dragon (D:14)
  Josephine (D:13)
  A vault guard (D:14)
  21 hydras
  8 centaur warriors
  3 tengu warriors
  2 shambling mangroves
  8 alligators
  9 two-headed ogres
  Urug (D:13)
  A deep troll earth mage (D:13)
  A sun demon (Lair:6)
  5 orc high priests
  Sonja (D:13)
  A fire crab (D:14)
  7 skeletal warriors
  2 unseen horrors
  3 wizards
  6 swamp dragons
  A glowing orange brain (D:14)
  A spriggan druid (Swamp:4)
  3 spectral hydras (Swamp:4)
  2 orc knights
  2 orc sorcerers
  An oklob plant (Lair:6)
  7 ugly things
  A salamander (shapeshifter) (D:14)
  9 cyclopes
  2 deep elf magi
  2 black mambas
  A centaur zombie (D:10)
  A smoke demon (Lair:6)
  15 spiny frogs
  4 orange demons (Lair:6)
  9 komodo dragons
  A freezing wraith (Swamp:4)
  6 rime drakes
  An efreet (D:14)
  2 kobold demonologists (D:12)
  2 tengu conjurers (D:14)
  An ice devil (Lair:6)
  10 trolls
  A harpy zombie (D:14)
  A meliai (D:14)
  6 tyrant leeches
  6 polar bears
  4 blink frogs
  6 hornets
  Grinder (D:3)
  16 hippogriffs
  5 dream sheep (Lair:5)
  A slime creature (D:14)
  7 bog bodies
  A centaur simulacrum (D:14)
  Sigmund (D:2)
  4 spriggans
  5 shadows
  2 redbacks (Lair:2)
  3 wyverns
  51 yaks
  A vampire (D:14)
  6 hungry ghosts
  6 wraiths (D:13)
  2 basilisks
  A steam dragon (D:14)
  12 vampire mosquitoes
  A soldier ant (D:12)
  3 wargs
  3 insubstantial wisps (Swamp:1)
  A soldier ant (shapeshifter) (D:13)
  8 swamp worms
  An acid dragon (D:12)
  4 hell hounds (Lair:6)
  10 porcupines
  3 hydra simulacra
  13 swamp drakes
  17 water moccasins
  25 orc warriors
  5 sky beasts
  6 ice beasts
  13 ogres
  An eye of draining (D:13)
  5 black bears
  4 wolves (Lair:6)
  A necrophage (D:8)
  12 centaurs
  10 crocodiles
  11 big kobolds
  16 bullfrogs
  A wyvern zombie (D:14)
  4 scorpions
  A wyvern skeleton (D:12)
  A water moccasin skeleton (D:8)
  8 killer bees
  2 wights (D:14)
  2 electric eels
  8 howler monkeys
  5 bullfrog zombies
  5 crimson imps
  2 quasits
  A draconian simulacrum (IceCv)
  3 jellies
  40 orc priests
  5 hounds
  3 bullfrog skeletons
  5 centaur skeletons
  4 iguanas
  29 orc wizards
  A troll simulacrum (IceCv)
  14 worker ants
  A wolf simulacrum (IceCv)
  A hound skeleton (D:5)
  A worker ant zombie (D:5)
  13 gnolls
  19 adders
  8 shadow imps
  2 white imps (IceCv)
  2 oozes
  An adder skeleton (D:5)
  2 adder zombies
  A worm (D:2)
  2 dart slugs
  7 leopard geckos
  105 orcs
  8 bats
  4 giant cockroaches
  10 goblins
  6 hobgoblins
  A jackal (shapeshifter) (D:14)
  4 jackals (D:7)
  52 kobolds
  4 quokkas
  2 ball pythons
  6 frilled lizards
  A jackal zombie (D:5)
  A leopard gecko zombie (D:7)
  A quokka skeleton (D:9)
  A quokka zombie (D:5)
  9 rats
922 creatures vanquished.

Vanquished Creatures (collateral kills)
  A death drake zombie (Swamp:4)
  A death drake skeleton (Swamp:4)
  2 swamp drakes (Swamp:4)
4 creatures vanquished.

Vanquished Creatures (others)
  Nergalle (Lair:2)
  A vampire mosquito (D:14)
  A swamp drake (Swamp:2)
  An iguana (D:13)
  3 white imps (IceCv)
  An ufetubus (IceCv)
  2 orcs
  2 briar patches (Swamp:2)
  69 fungi
  32 plants
113 creatures vanquished.

Grand Total: 1039 creatures vanquished

Notes
Turn   | Place    | Note
-------+----------+-------------------------------------------
     0 | D:1      | Balder the Gargoyle Fighter began the quest for the Orb.
     0 | D:1      | Reached XP level 1. HP: 14/14 MP: 1/1
   201 | D:1      | Reached XP level 2. HP: 15/19 MP: 2/2
   801 | D:1      | Reached XP level 3. HP: 21/23 MP: 3/3
   953 | D:2      | Found a shimmering altar of Xom.
   955 | D:2      | Found a hazy altar of Hepliaklqana.
   956 | D:2      | Noticed a spectral ugly thing
  1077 | D:2      | Reached XP level 4. HP: 26/28 MP: 4/4
  1120 | D:2      | Noticed Sigmund
  1135 | D:2      | Killed Sigmund
  1135 | D:2      | Reached skill level 1 in Throwing
  1135 | D:2      | Reached skill level 1 in Dodging
  1135 | D:2      | Reached skill level 1 in Stealth
  1135 | D:2      | Reached skill level 4 in Shields
  1135 | D:2      | Reached XP level 5. HP: 11/33 MP: 5/5
  1138 | D:2      | Reached XP level 6. HP: 14/38 MP: 6/6
  1628 | D:2      | Found an iron altar of Okawaru.
  1630 | D:2      | Found a sparkling altar of Nemelex Xobeh.
  1647 | D:2      | Found a radiant altar of Vehumet.
  1673 | D:2      | Became a worshipper of Warmaster Okawaru
  2277 | D:3      | Noticed Grinder
  2302 | D:3      | Killed Grinder
  2302 | D:3      | Reached skill level 1 in Invocations
  2302 | D:3      | Reached XP level 7. HP: 24/43 MP: 7/7
  2775 | D:3      | Found a glowing golden altar of the Shining One.
  3247 | D:3      | Reached * piety under Okawaru
  3247 | D:3      | Reached skill level 5 in Maces & Flails
  3393 | D:3      | Reached skill level 5 in Shields
  3393 | D:3      | Reached XP level 8. HP: 20/48 MP: 9/9
  3592 | D:4      | Reached skill level 1 in Crossbows
  3873 | D:4      | Found a staircase to the Ecumenical Temple.
  3880 | Temple   | Entered the Ecumenical Temple
  4293 | D:4      | Reached skill level 5 in Armour
  4428 | D:4      | Reached ** piety under Okawaru
  4693 | D:4      | Reached skill level 6 in Shields
  4892 | D:4      | Found a shadowy altar of Dithmenos.
  4941 | D:4      | Reached XP level 9. HP: 44/53 MP: 10/10
  5051 | D:4      | Found Xesmits's Assorted Antiques.
  5058 | D:4      | Bought a scroll labeled XUBREO MOMAKK for 21 gold pieces
  5058 | D:4      | Bought a scroll labeled PUIM XI UDUGA for 21 gold pieces
  5058 | D:4      | Bought a scroll labeled OHOMOTH NUAS for 21 gold pieces
  5266 | D:5      | Entered Level 5 of the Dungeon
  5342 | D:5      | Reached skill level 5 in Fighting
  6045 | D:5      | Found a sacrificial altar of Ru.
  6280 | D:6      | Reached *** piety under Okawaru
  7012 | D:6      | Found the +2 shield of Resistance {rF+ rC+ MR+}
  7042 | D:6      | Found a shimmering blue altar of Sif Muna.
  7238 | D:7      | Reached skill level 7 in Shields
  7617 | D:7      | Reached XP level 10. HP: 60/60 MP: 12/12
  7828 | D:7      | Reached **** piety under Okawaru
  8700 | D:8      | Noticed an orc knight
  8732 | D:8      | Killed an orc knight
  8732 | D:8      | Reached skill level 5 in Stealth
  8732 | D:8      | Reached skill level 8 in Shields
  8746 | D:8      | Reached ***** piety under Okawaru
  9042 | D:8      | Noticed a tengu warrior
  9063 | D:8      | Killed a tengu warrior
  9782 | D:9      | Noticed a two-headed ogre
  9795 | D:9      | Killed a two-headed ogre
  9802 | D:9      | Reached XP level 11. HP: 61/64 MP: 14/14
  9903 | D:9      | Reached skill level 5 in Invocations
  9938 | D:9      | Received a gift from Okawaru
  9976 | D:9      | Noticed a two-headed ogre
  9987 | D:9      | Killed a two-headed ogre
  9987 | D:9      | Reached skill level 1 in Evocations
 10107 | D:9      | Noticed a two-headed ogre
 10117 | D:9      | Killed a two-headed ogre
 10117 | D:9      | Reached skill level 9 in Shields
 10469 | D:9      | Found a staircase to the Lair.
 10545 | D:9      | Noticed an unseen horror
 10562 | D:9      | Killed an unseen horror
 10936 | D:10     | Entered Level 10 of the Dungeon
 10996 | D:10     | Reached skill level 10 in Maces & Flails
 11740 | D:10     | Noticed a two-headed ogre
 11751 | D:10     | Killed a two-headed ogre
 11751 | D:10     | Reached XP level 12. HP: 58/71 MP: 16/16
 11833 | D:11     | Noticed a seven-headed hydra
 11869 | D:11     | Killed a seven-headed hydra
 11982 | D:11     | Received a gift from Okawaru
 12347 | D:10     | Found a staircase to the Orcish Mines.
 12593 | Lair:1   | Entered Level 1 of the Lair of Beasts
 12661 | Lair:1   | Received a gift from Okawaru
 12661 | Lair:1   | Reached skill level 10 in Shields
 13491 | Lair:1   | Found an iron altar of Okawaru.
 14229 | Lair:2   | Noticed Nergalle
 14239 | Lair:2   | Killed Nergalle
 14684 | Lair:2   | Reached ****** piety under Okawaru
 14814 | Lair:2   | Found a staircase to the Swamp.
 15163 | Lair:2   | Reached skill level 5 in Crossbows
 15164 | Lair:2   | Found a hole to the Spider Nest.
 15522 | Lair:3   | Received a gift from Okawaru
 15558 | Lair:3   | Identified a scroll of acquirement
 15656 | Lair:3   | Reached XP level 13. HP: 65/78 MP: 18/18
 16394 | Lair:4   | Found a gate leading to a gauntlet.
 16412 | Lair:4   | Reached skill level 10 in Armour
 16647 | Lair:4   | Found a runed translucent gate.
 16647 | Lair:4   | Found a runed translucent gate.
 16647 | Lair:4   | Found a runed translucent gate.
 16649 | Lair:4   | Noticed HunfridMar's ghost (journeyman DECj)
 16945 | Lair:4   | Noticed Nessos
 17000 | Lair:4   | Killed Nessos
 17000 | Lair:4   | Reached skill level 5 in Dodging
 17000 | Lair:4   | Reached skill level 11 in Shields
 17987 | Lair:5   | Found a viscous altar of Jiyva.
 17991 | Lair:5   | Found a staircase to the Slime Pits.
 17993 | Lair:5   | Gained mutation: Your spells are a little easier to cast,
                  | but a little less powerful. [potion of mutation]
 17993 | Lair:5   | Gained mutation: Your muscles are strong. (Str +2) [potion
                  | of mutation]
 17993 | Lair:5   | Gained mutation: You are partially covered in slimy green
                  | scales. (AC +2) [potion of mutation]
 18066 | Lair:5   | Got a fading chain mail
 18149 | Lair:5   | Identified the cursed +1 chain mail of Mezcal {+Blink rC-
                  | Regen+ Dex+4} (You found it on level 5 of the Lair of
                  | Beasts)
 18398 | Lair:6   | Entered Level 6 of the Lair of Beasts
 18824 | Lair:6   | Received a gift from Okawaru
 18989 | Lair:6   | Received a gift from Okawaru
 19010 | Lair:6   | Got a warped ring mail {god gift}
 19021 | Lair:6   | Identified the +1 ring mail "Xeni Kec" {*Drain rF+ rN++}
                  | (Okawaru gifted it to you on level 6 of the Lair of Beasts)
 20226 | Lair:6   | Reached skill level 12 in Shields
 20229 | Lair:6   | Gained mutation: Your large and strong wings let you fly
                  | indefinitely. [Gargoyle growth]
 20229 | Lair:6   | Reached XP level 14. HP: 48/84 MP: 19/19
 20508 | Lair:6   | Found a burning altar of Makhleb.
 20514 | Lair:6   | Found a gateway to Hell.
 21257 | Orc:1    | Entered Level 1 of the Orcish Mines
 21621 | Orc:1    | Noticed an orc warlord
 21665 | Orc:1    | Killed an orc warlord
 22193 | Orc:2    | Entered Level 2 of the Orcish Mines
 22222 | Orc:1    | Received a gift from Okawaru
 22426 | Orc:2    | Found a staircase to the Elven Halls.
 22567 | Orc:2    | Found a flickering gateway to a bazaar.
 22583 | Bazaar   | Entered a bazaar
 22583 | Bazaar   | Found Ururghapu's Weapon Boutique.
 22583 | Bazaar   | Found Tikomn's Antique Armour Shop.
 22583 | Bazaar   | Found Xifasm's Weapon Shop.
 22603 | Bazaar   | Bought a spiked plate armour for 560 gold pieces
 22615 | Bazaar   | Identified the +8 plate armour "Tuxosueg" {*Slow rPois
                  | Regen+} (You bought it in a shop in a bazaar)
 23102 | Orc:2    | Gained mutation: You are agile. (Dex +2) [a neqoxec]
 23113 | Orc:2    | HP: 1/86 [orc high priest/divine providence (16)]
 23207 | Orc:1    | Found a roughly hewn altar of Beogh.
 23304 | Orc:1    | Reached skill level 13 in Shields
 23907 | Orc:2    | Found Piysodi's Magic Scroll Shop.
 23909 | Orc:2    | Found Vicwarph's Book Shop.
 23914 | Orc:2    | Found Noycesax's Armour Boutique.
 23914 | Orc:2    | Found Riabigeir's Antique Armour Boutique.
 23974 | Orc:2    | Received a gift from Okawaru
 24015 | Orc:2    | Bought a scroll of summoning for 142 gold pieces
 24017 | Orc:2    | Bought the +3 crown of Dyrovepreva {rElec Int+2 SInv} for
                  | 869 gold pieces
 24017 | Orc:2    | Found the +3 crown of Dyrovepreva {rElec Int+2 SInv}
 24017 | Orc:2    | Bought a shiny plate armour for 546 gold pieces
 25773 | D:13     | Received a gift from Okawaru
 25799 | D:13     | Got a dazzling demon whip {god gift}
 25801 | D:13     | Identified the +5 demon whip of Guilt {pain, Dex+3}
                  | (Okawaru gifted it to you on level 13 of the Dungeon)
 25960 | D:13     | Noticed Sonja
 25978 | D:13     | Killed Sonja
 26016 | D:13     | Noticed Josephine
 26042 | D:13     | Killed Josephine
 26211 | D:13     | Found an ornate altar of the Wu Jian Council.
 26237 | D:13     | Reached XP level 15. HP: 88/92 MP: 21/21
 26271 | D:13     | Reached skill level 10 in Fighting
 26310 | D:13     | Noticed a storm dragon
 26340 | D:13     | Killed a storm dragon
 26408 | D:13     | Reached skill level 14 in Shields
 26425 | D:13     | Noticed a sphinx
 26577 | D:13     | Found Goporois's Weapon Boutique.
 26778 | D:13     | Noticed Urug
 26795 | D:13     | Killed Urug
 27210 | D:14     | Received a gift from Okawaru
 27284 | D:14     | Identified the amulet of Awe {*Corrode rElec rF+++ Regen+
                  | Slay+3}
 28044 | D:14     | Received a gift from Okawaru
 28045 | D:14     | Found the +18 shield of the Gong {rElec rN+ MR+ EV-5}
 28194 | D:14     | Reached XP level 16. HP: 100/100 MP: 22/22
 28277 | D:14     | Found Gozag's Platinum Reserve.
 28303 | D:14     | Found an opulent altar of Gozag.
 28487 | D:14     | Reached skill level 15 in Shields
 28497 | D:14     | Found a gate to the Vaults.
 29234 | Lair:4   | Reached skill level 10 in Stealth
 29239 | Lair:4   | Killed HunfridMar's ghost
 29313 | Lair:4   | Got a fine kite shield
 29324 | Lair:4   | Identified the cursed +0 kite shield "Oblaly" {+Fly MP+9}
                  | (You found it on level 4 of the Lair of Beasts)
 29355 | Lair:4   | Got a shimmering broad axe
 29356 | Lair:4   | Identified the cursed +0 broad axe "Hupsowoos" {venom,
                  | rElec SInv} (You found it on level 4 of the Lair of Beasts)
 29597 | Swamp:1  | Entered Level 1 of the Swamp
 29836 | Swamp:1  | Found a frozen archway.
 29843 | IceCv    | Entered an ice cave
 30305 | Swamp:2  | Noticed a thorn hunter
 30338 | Swamp:2  | Received a gift from Okawaru
 30362 | Swamp:2  | Killed a thorn hunter
 30383 | Swamp:2  | Received a gift from Okawaru
 30665 | Swamp:2  | Received a gift from Okawaru
 30668 | Swamp:2  | Got an ancient cloak {god gift}
 30681 | Swamp:2  | Identified the +0 cloak of the Shoals {Harm Int+4 Stlth+}
                  | (Okawaru gifted it to you on level 2 of the Swamp)
 31431 | Swamp:3  | Noticed a thorn hunter
 31465 | Swamp:3  | Killed a thorn hunter
 31652 | Swamp:3  | Noticed Aizul
 31676 | Swamp:3  | Killed Aizul
 31676 | Swamp:3  | Reached skill level 10 in Invocations
 31914 | Swamp:4  | Entered Level 4 of the Swamp
 32079 | Swamp:4  | Reached XP level 17. HP: 66/106 MP: 22/24
 32158 | Swamp:4  | Reached skill level 16 in Shields
 32167 | Swamp:4  | Received a gift from Okawaru
 32187 | Swamp:4  | HP: 4/106 [shambling mangrove (3)]
 32187 | Swamp:4  | Mangled by a shambling mangrove

Illustrated notes

Levels and vault maps discovered:
D:1:      dpeg_arrival_rhombi, layout_basic
D:2:      layout_loops_cross, regret_index_temple_of_mockery, minitemple,
          uniq_sigmund
D:3:      layout_rooms, tso_oasis_becter, first_ration, uniq_grinder
D:4:      minmay_goblin_kobold_castle, layout_basic, temple_green, serial_shops,
          shop, nicolae_dithmenos_through_a_glass_darkly
D:5:      layout_cave_pods, kennysheep_mini_moat
D:6:      layout_cave_pools, lemuel_blue_sif_altar
D:7:      layout_gridville
D:8:      minmay_diamond_stairs, layout_basic
D:9:      layout_loops_ring, due_lair_maze_entry_diamond
D:10:     layout_gridville, erik_orc_1, blue_anna_alchemist
          [blue_anna_fruit_fields, blue_anna_fruit_fields]
D:11:     layout_cave_pools
D:12:     layout_irregular_city
D:13:     thingy_vault, layout_stronghold, serial_shops, shop, basic_altar,
          nrook_campfire, uniq_urug, uniq_sonja, uniq_josephine
D:14:     minmay_the_grid_square_5x5_4x4 [minmay_the_grid_square_5x5_seven,
          minmay_the_grid_square_5x5_almost_minimal,
          minmay_the_grid_square_5x5_shuriken,
          minmay_the_grid_square_5x5_shrine2, minmay_the_grid_square_5x5_inset,
          minmay_the_grid_square_5x5_prize_snowflake,
          minmay_the_grid_square_5x5_prize_waves,
          minmay_the_grid_square_5x5_six_small,
          minmay_the_grid_square_5x5_hollow_slash,
          minmay_the_grid_square_5x5_prize_pseudospiral,
          minmay_the_grid_square_5x5_prize_junk, minmay_the_grid_square_5x5_six,
          minmay_the_grid_square_5x5_inner_v,
          minmay_the_grid_square_5x5_tetrominoes,
          minmay_the_grid_square_5x5_bracketed,
          minmay_the_grid_square_5x5_dogpile], layout_rooms, david_vaults_5,
          nicolae_gozag_zags_fifth_avenue
Temple:   eino_narrow_crystal_temple
Lair:1:   layout_small_grid, basic_altar, grunt_megastairs_5
Lair:2:   layout_loops_ring, skrybe_swamp_entry_bodies, spider_nest_entry_webs,
          lemuel_fruit_tree, grunt_megastairs_4, uniq_nergalle
Lair:3:   layout_loops_ring
Lair:4:   layout_layer_cave, gauntlet_entry_generic, gammafunk_ghost_hydra_chop,
          uniq_nessos
Lair:5:   layout_loops_ring, slime_altar_1, serial_bayou_shore_a
Lair:6:   evil_forest, layout_hall_layers, fungi_pond_lemuel
Swamp:1:  layout_falls_marsh, portal_ice_cave_entry_pillars_four,
          evilmike_swamp_ruin_rubble_2
Swamp:2:  layout_basic_swamp, evilmike_swamp_ruin_house_5,
          nicolae_swamp_trees_clearing, swamp_pool1, grunt_witch_cave
Swamp:3:  layout_basic_swamp, evilmike_swamp_ruin_house_4, uniq_aizul
Swamp:4:  byrel_swamp_growth_death_and_undeath, layout_basic_swamp
Orc:1:    layout_caves, basic_altar
Orc:2:    st_orc_mages, layout_caves, serial_shops, bzr_entry_customers

Skill      XL: |  1  2  3  4  5  6  7  8  9 10 11 12 13 14 15 16 17 |
---------------+----------------------------------------------------+-----
Maces & Flails | 3 4 5 6 7 8 10 11 12 13 | 13.8
Throwing       | 1 2 3 |  3.4
Armour         | 4 5 6 8 9 10 11 12 13 | 13.9
Dodging        | 1 2 3 4 5 6 7 |  7.3
Stealth        | 1 2 3 4 5 6 7 8 9 10 | 10.6
Shields        | 4 5 6 7 8 9 10 12 13 14 15 16 | 16.0
Fighting       | 4 5 6 7 8 9 11 12 | 12.1
Invocations    | 1 2 3 4 6 7 8 9 10 | 10.1
Crossbows      | 2 3 4 5 6 7 8 |  8.2
Evocations     | 1 2 |  2.3

Action                   |  1- 3 |  4- 6 |  7- 9 | 10-12 | 13-15 | 16-18 || total
-------------------------+-------+-------+-------+-------+-------+-------++-------
Melee: Flail             |   121 |   132 |   160 |       |       |       ||   413
       Whip              |       |       |   697 |  1056 |  1432 |       ||  3185
       Morningstar       |       |       |       |    95 |       |       ||    95
       Demon whip        |       |       |       |       |   684 |   790 ||  1474
 Fire: Hand crossbow     |       |       |       |     9 |       |       ||     9
Throw: Dart              |       |       |    18 |    16 |   105 |       ||   139
       Boomerang         |       |       |       |       |    44 |       ||    44
Invok: Heroism           |       |       |       |     4 |     8 |     4 ||    16
 Abil: Fly               |       |       |       |       |     1 |       ||     1
Evoke: Wand              |       |       |       |     6 |     9 |     5 ||    20
  Use: Potion            |       |     2 |     2 |     2 |    15 |     5 ||    26
       Scroll            |       |       |     6 |    14 |     8 |     9 ||    37
 Stab: Confused          |       |       |       |     1 |    12 |     3 ||    16
       Distracted        |       |       |       |       |     2 |     1 ||     3
  Eat: Chunk             |     1 |     4 |     9 |    19 |    19 |     1 ||    53
       Ration            |       |       |     3 |     3 |     6 |     4 ||    16
Armor: Scale mail        |    65 |    64 |    86 |       |       |       ||   215
       Chain mail        |       |       |   370 |    82 |       |       ||   452
       Plate armour      |       |       |       |   324 |   535 |   560 ||  1419
Dodge: Dodged            |    35 |    47 |   209 |   204 |   369 |   403 ||  1267
       Repelled          |       |       |       |       |       |     7 ||     7
Block: Kite shield       |    62 |    74 |   475 |   594 |  1452 |   513 ||  3170
       Reflection        |       |       |       |       |    58 |     8 ||    66
       Other             |       |       |       |       |       |    68 ||    68
